Match 27983853
Unlisted

Match 27983853
End
Construct Infanterie Kompanie
MG 42 Machine Gun Team
Grenadier Squad
GrW 34 Mortar Team
Construct Luftwaffe Kompanie
221 Scout Car
Selects Mechanized Battlegroup
221 Scout Car
Selects Raid Package
Selects 8 Rad Armored Car
8 Rad Armored Car
Jäger Squad
8 Rad Armored Car
AI Takeover
irbo84
Brothers in Trenches
Maschinengewehr42
娜迦的马可
my worst self
Friendly Mouse(Poxie)
Bucknasty Brown Trout
yoo hoo
0
0

Comments sign in to comment!

No comments posted yet!